 Dungeon Crawl Stone Soup version 0.23.0-3-gf3c87f2df8 (webtiles) character file.

Game seed: 1872583233804981352

7116 PentaManta the Slicer (level 11, -11/77 HPs)
             Began as a Kobold Berserker on Feb 20, 2019.
             Was a High Priest of Trog.
             Mangled by a warg (18 damage)
             ... on level 10 of the Dungeon.
             The game lasted 00:39:19 (9246 turns).

PentaManta the Slicer (Kobold Berserker)            Turns: 9246, Time: 00:39:20

Health: -11/77     AC:  7    Str: 18    XL:     11   Next: 31%
Magic:  11/11      EV: 18    Int:  9    God:    Trog [*****.]
Gold:   442        SH:  0    Dex: 14    Spells: 10/10 levels left

rFire    . . .     SeeInvis .   C - +0 rapier
rCold    . . .     Gourm    .   (shield restricted)
rNeg     . . .     Faith    .   b - +0 animal skin
rPois    +         Spirit   .   w - +0 helmet
rElec    .         Reflect  .   h - +0 cloak
rCorr    .         Harm     .   A - +2 pair of gloves
MR       ++...                  (no boots)
Stlth    +.........             (no amulet)
HPRegen  1.22/turn              x - ring of poison resistance
MPRegen  0.12/turn              (no ring)

@: berserk cooldown, regenerating, slowed, very slow
A: small, carnivore
a: Berserk, Trog's Hand, Brothers in Arms, Renounce Religion


You were on level 10 of the Dungeon.
You worshipped Trog.
Trog was extremely pleased with you.
You were full.

You visited 2 branches of the dungeon, and saw 11 of its levels.

You collected 526 gold pieces.
You spent 84 gold pieces at shops.

Inventory:

Hand Weapons
 B - a +1 dagger of holy wrath
 C - a +0 rapier (weapon)
Missiles
 s - 2 throwing nets (quivered)
Armour
 b - a +0 animal skin (worn)
 h - a +0 cloak (worn)
 w - a +0 helmet (worn)
 A - a +2 pair of gloves (worn)
 D - the +8 chain mail of the Saviour {rElec Dex+2}
   (You found it on level 8 of the Dungeon)

   It affects your dexterity (+2).
   It insulates you from electricity.
Jewellery
 x - a ring of poison resistance (left hand)
Wands
 n - a wand of acid (18)
 u - a wand of polymorph (10)
 F - a wand of flame (14)
Scrolls
 e - 4 scrolls of remove curse
 m - 3 scrolls of teleportation
 r - a scroll of identify
 y - 2 scrolls of fog
 E - a scroll of silence {unknown}
Potions
 a - 4 potions of mutation
 d - 2 potions of might
 f - a potion of brilliance {unknown}
 g - a potion of curing
 i - a potion of flight {unknown}
 j - 2 potions of resistance
 l - a potion of haste {unknown}
 o - 5 potions of lignification
 p - 3 potions of agility {unknown}
 q - a potion of berserk rage {unknown}
 t - a potion of ambrosia {unknown}
 v - a potion of cancellation {unknown}
 z - a potion of degeneration {unknown}
Comestibles
 c - 16 rations


   Skills:
 + Level 12.9 Fighting
 - Level 14.2 Short Blades
 - Level 1.5 Armour
 + Level 5.6 Dodging


You had 10 spell levels left.
You didn't know any spells.
Your spell library contained the following spells:

 Spells                   Type           Power        Failure   Level  Hunger
 Animate Skeleton         Necr           N/A          38%         1    ##.....
 Apportation              Tloc           #.....       38%         1    ##.....
 Beastly Appendage        Tmut           #.....       38%         1    ##.....
 Confusing Touch          Hex            #.....       38%         1    ##.....
 Corona                   Hex            #......      38%         1    ##.....
 Summon Small Mammal      Summ           #...         38%         1    ##.....
 Ensorcelled Hibernation  Hex/Ice        #.....       52%         2    ###....
 Sticks to Snakes         Tmut           #.......     52%         2    ###....
 Confuse                  Hex            #.......     77%         3    ####...
 Dazzling Spray           Conj/Hex       #.....       77%         3    ####...
 Gell's Gravitas          Tloc           #.........   77%         3    ####...
 Spider Form              Tmut/Pois      #.........   77%         3    ####...
 Tukima's Dance           Hex            #.......     77%         3    ####...
 Ice Form                 Ice/Tmut       #.......     99%         4    #####..
 Petrify                  Tmut/Erth      #.......     99%         4    #####..
 Blade Hands              Tmut           #.........   100%        5    ######.
 Metabolic Englaciation   Hex/Ice        #.........   100%        5    ######.
 Yara's Violent Unravell  Hex/Tmut       #.........   100%        5    ######.


Dungeon Overview and Level Annotations

Branches:
Dungeon (10/15)            Temple (1/1) D:4            Lair (0/6) D:8
    Orc: D:9-12

Altars:
Ashenzari
Cheibriados
Dithmenos
Elyvilon
Fedhas
Gozag
Hepliaklqana
Kikubaaqudgha
Makhleb
Nemelex Xobeh
Okawaru
Qazlal
Ru
Sif Muna
Trog
Uskayaw
Vehumet
Wu Jian
Xom
Yredelemnul
Zin
The Shining One

Shops:
D:9 ?   D:10 %

Annotations:
D:6 dig
D:8 2 transporters


Innate Abilities, Weirdness & Mutations

You are small and have problems with some larger weapons.
You are carnivorous and can eat meat at any time.


Message History

You feel better. The orc barely misses you. The orc completely misses you.
The orc warrior completely misses you. The orc closely misses you. x2
You feel better. The orc warrior closely misses you.
The orc hits you but does no damage. The orc closely misses you.
Your skin crawls.
You feel resistant to hostile enchantments.
You feel somewhat less full.
The warg howls!
The orc warrior barely misses you. The orc hits you but does no damage. x2
The warg bites you!
* * * LOW HITPOINT WARNING * * *
The orc barely misses you. The orc closely misses you.
The orc warrior barely misses you.
Your ogre goes berserk!
You feel somewhat less full. The warg bites you.
* * * LOW HITPOINT WARNING * * *
The orc hits you but does no damage. The orc hits you with a +0 short sword.
* * * LOW HITPOINT WARNING * * *
The warg bites you!!
You die...

#............# ..
#............##...
#........o......o.
#................o
#))......(..# ...
#........K..##....
#())(((...........
#...#
#oo#####..........
#...# #@o#
#)......... #...#
#hO# #.........$
#>..# #..#
#..........
#...######..#
#.......... #
#...........#
#..........
#.####.......∩...#
#..........
#.....<..........#
#..#####..
#................#
#..#
#.#####..........#


You could see a warg, an orc warrior, 2 orcs and a friendly ogre (berserk).

Vanquished Creatures
  A hydra (D:9)
  Urug (D:10)
  A gargoyle (D:10)
  A troll (D:8)
  Grinder (D:5)
  2 dream sheep (D:9)
  A hippogriff (D:8)
  A wyvern (D:10)
  2 yaks (D:9)
  A basilisk (D:10)
  A steam dragon (D:10)
  2 water moccasins
  2 orc warriors
  3 phantoms
  2 sky beasts
  An ice beast (D:5)
  A black bear (D:9)
  A necrophage (D:9)
  4 ogres
  2 centaurs
  2 wolves (D:8)
  4 big kobolds
  A bullfrog (D:9)
  2 wyvern zombies
  A wyvern skeleton (D:8)
  4 scorpions
  A water moccasin skeleton (D:9)
  A howler monkey (D:9)
  3 electric eels (D:8)
  4 crimson imps
  A bullfrog zombie (D:8)
  6 orc priests
  6 orc wizards
  7 hounds
  Crazy Yiuf (D:2)
  A centaur skeleton (D:4)
  Ijyb (D:3)
  An iguana (D:9)
  4 worker ants
  6 adders
  7 gnolls
  3 shadow imps
  An adder zombie (D:6)
  7 worms
  A dart slug (D:5)
  9 leopard geckos
  42 orcs
  A bat (D:1)
  7 giant cockroaches
  7 goblins
  5 hobgoblins
  9 jackals
  7 kobolds
  5 quokkas
  6 frilled lizards
  A leopard gecko zombie (D:5)
  8 rats
  A spectral orc (D:6)
215 creatures vanquished.

Vanquished Creatures (others)
  An orc (D:8)
  2 plants (D:9)
  5 toadstools (D:1)
8 creatures vanquished.

Grand Total: 223 creatures vanquished

Notes
Turn   | Place    | Note
-------+----------+-------------------------------------------
     0 | D:1      | PentaManta the Kobold Berserker began the quest for the
                  | Orb.
     0 | D:1      | Reached XP level 1. HP: 14/14 MP: 1/1
   298 | D:1      | Reached XP level 2. HP: 19/19 MP: 2/2
   716 | D:2      | Reached XP level 3. HP: 24/24 MP: 3/3
   872 | D:2      | Reached skill level 5 in Short Blades
   901 | D:2      | Reached ** piety under Trog
   931 | D:2      | Found a sparkling altar of Nemelex Xobeh.
  1027 | D:2      | Reached XP level 4. HP: 23/29 MP: 4/4
  1140 | D:2      | Found a runed translucent door.
  1141 | D:2      | Noticed Crazy Yiuf
  1283 | D:2      | Found a faded altar of an unknown god.
  1520 | D:2      | Killed Crazy Yiuf
  1650 | D:3      | Reached XP level 5. HP: 34/34 MP: 5/5
  1837 | D:3      | Reached skill level 5 in Fighting
  1840 | D:3      | Noticed Ijyb
  1850 | D:3      | Killed Ijyb
  1850 | D:3      | Reached skill level 6 in Short Blades
  2091 | D:3      | Reached XP level 6. HP: 40/40 MP: 6/6
  2092 | D:3      | Reached *** piety under Trog
  2827 | D:4      | Found a staircase to the Ecumenical Temple.
  2835 | Temple   | Entered the Ecumenical Temple
  3034 | D:4      | Reached skill level 7 in Short Blades
  3337 | D:4      | Reached XP level 7. HP: 46/46 MP: 7/7
  3445 | D:5      | Entered Level 5 of the Dungeon
  3705 | D:5      | Found a shadowy altar of Dithmenos.
  3797 | D:5      | Noticed Grinder
  3839 | D:5      | Killed Grinder
  3839 | D:5      | Reached skill level 8 in Short Blades
  4296 | D:5      | Found a blossoming altar of Fedhas.
  4313 | D:5      | Reached XP level 8. HP: 53/53 MP: 8/8
  4723 | D:6      | Reached skill level 9 in Short Blades
  4879 | D:6      | Found a shadowy altar of Dithmenos.
  4967 | D:6      | Found a basalt altar of Yredelemnul.
  5088 | D:6      | Reached **** piety under Trog
  5158 | D:6      | Found an opulent altar of Gozag.
  5343 | D:6      | Reached skill level 10 in Short Blades
  5552 | D:6      | Noticed a +0 hand axe
  5552 | D:6      | Noticed a +0 hand axe
  5554 | D:6      | Found a hide-covered altar of Uskayaw.
  5682 | D:7      | Reached XP level 9. HP: 60/60 MP: 9/9
  5738 | D:7      | Found a white marble altar of Elyvilon.
  6121 | D:7      | Reached skill level 11 in Short Blades
  6345 | D:8      | Reached skill level 10 in Fighting
  6754 | D:8      | Noticed a troll
  6764 | D:8      | Killed a troll
  6764 | D:8      | Reached skill level 12 in Short Blades
  6828 | D:8      | Found a transporter.
  6828 | D:8      | Noticed a glowing orange brain
  6828 | D:8      | Noticed a brown very ugly thing
  6829 | D:8      | Got an ancient chain mail
  6853 | D:8      | Found a transporter.
  6868 | D:8      | Reached XP level 10. HP: 68/68 MP: 10/10
  7417 | D:8      | Identified the +8 chain mail of the Saviour {rElec Dex+2}
                  | (You found it on level 8 of the Dungeon)
  7460 | D:8      | Found a staircase to the Lair.
  7662 | D:9      | Found Nes Yckyi's Magic Scroll Emporium.
  7685 | D:9      | Bought a scroll of identify for 28 gold pieces
  7685 | D:9      | Bought a scroll of identify for 28 gold pieces
  7685 | D:9      | Bought a scroll of identify for 28 gold pieces
  7919 | D:9      | Reached ***** piety under Trog
  7919 | D:9      | Reached skill level 13 in Short Blades
  8114 | D:9      | Found a basalt altar of Yredelemnul.
  8221 | D:9      | Noticed a three-headed hydra
  8581 | D:9      | Killed a three-headed hydra
  8581 | D:9      | Reached skill level 14 in Short Blades
  8581 | D:9      | Reached XP level 11. HP: 67/76 MP: 11/11
  8925 | D:10     | Entered Level 10 of the Dungeon
  8925 | D:10     | Found Wyogiem's Food Shoppe.
  9093 | D:10     | Noticed Urug
  9124 | D:10     | Killed Urug
  9124 | D:10     | Reached skill level 5 in Dodging
  9242 | D:10     | HP: 1/77 [orc warrior/+0 glaive (17)]
  9246 | D:10     | Mangled by a warg

Skill      XL: |  1  2  3  4  5  6  7  8  9 10 11 |
---------------+----------------------------------+-----
Fighting       | 4 5 6 7 8 10 12 | 12.9
Short Blades   | 5 6 7 8 10 12 14 | 14.2
Dodging        | 5 |  5.6
Armour         | |  1.5

Action                   |  1- 3 |  4- 6 |  7- 9 | 10-12 || total
-------------------------+-------+-------+-------+-------++-------
Melee: Short sword       |    43 |       |       |       ||    43
       Rapier            |    30 |   169 |   420 |   309 ||   928
Invok: Berserk           |     3 |    10 |    12 |    10 ||    35
       Trog's Hand       |       |       |     1 |     1 ||     2
       Brothers in Arms  |       |       |       |     1 ||     1
  Use: Scroll            |     3 |     2 |     4 |     4 ||    13
       Potion            |       |       |       |     4 ||     4
 Stab: Sleeping          |     3 |       |       |       ||     3
       Distracted        |     1 |       |       |       ||     1
  Eat: Chunk             |    11 |    17 |    22 |    15 ||    65
Armor: Animal skin       |     3 |    19 |    63 |    38 ||   123
       Chain mail        |       |       |       |     4 ||     4
Dodge: Dodged            |    33 |    97 |   214 |   177 ||   521
